 Dungeon Crawl Stone Soup version 0.27-a0-1273-gec92ba881d (webtiles) character file.

Game seed: 8995834779951798282

172 mordus the Poker (level 5, 0/45 HPs)
             Began as a Draconian Monk on June 11, 2021.
             Slain by a scorpion (5 damage)
             ... on level 3 of the Dungeon.
             The game lasted 00:03:22 (3711 turns).

mordus the Poker (Draconian Monk)                   Turns: 3711, Time: 00:03:23

Health: 0/45       AC:  5    Str: 14    XL:     5   Next: 27%
Magic:  5/5        EV: 12    Int: 11    God:
Gold:   83         SH:  0    Dex: 13    Spells: 4/4 levels left

rFire    . . .     SeeInvis .   a - +0 spear
rCold    . . .     Faith    .   (no shield)
rNeg     . . .     Spirit   .   (armour unavailable)
rPois    .         Reflect  .   (helmet restricted)
rElec    .         Harm     .   (no cloak)
rCorr    .         Rampage  .   (no gloves)
Will     .....                  (no boots)
Stlth    ++........             (no amulet)
HPRegen  0.15/turn              (no ring)
MPRegen  0.09/turn              (no ring)

@: lethally poisoned (0 -> -6)
A: AC +5, unfitting armour, cold-blooded
a: no special abilities


You were on level 3 of the Dungeon.
You visited 1 branch of the dungeon, and saw 3 of its levels.

You collected 83 gold pieces.

Inventory:

Hand Weapons
 a - a +0 spear (weapon)
Scrolls
 b - 2 scrolls of enchant armour {unknown}
 c - a scroll of teleportation {unknown}
 e - a scroll of acquirement {unknown}
Potions
 d - a potion of heal wounds {unknown}


   Skills:
 - Level 3.2 Fighting
 + Level 6.0 Polearms
 - Level 2.6 Dodging
 - Level 1.7 Stealth


You had 4 spell levels left.
You didn't know any spells.
Your spell library was empty.

Dungeon Overview and Level Annotations

Branches:
Dungeon (3/15)

Altars:
Kikubaaqudgha
The Shining One


Innate Abilities, Weirdness & Mutations

Your plain brown scales are hard. (AC +5)
You cannot fit into any form of body armour.
You are cold-blooded and may be slowed by cold attacks.


Message History

You kill the kobold!
Key pressed, stopping explore.
No target in view!
No target in view!
No target in view!
No target in view!
No target in view!
There is a stone staircase leading down here.
A scorpion comes into view.
You barely miss the scorpion. The scorpion barely misses you.
You barely miss the scorpion. The scorpion misses you.
You barely miss the scorpion.
Your tail-slap misses the scorpion.
The scorpion stings you.
You are poisoned.
The scorpion poisons you!
You completely miss the scorpion.
You feel very sick. The scorpion barely misses you.
You hit the scorpion but do no damage.
You feel sick. The scorpion stings you.
You hit the scorpion but do no damage.
Your tail-slap misses the scorpion.
You feel sick. The scorpion closely misses you.
You closely miss the scorpion.
You feel sick. The scorpion closely misses you.
You hit the scorpion but do no damage.
Your tail-slap misses the scorpion.
You feel sick. The scorpion stings you.
You barely miss the scorpion.
You feel sick. The scorpion closely misses you.
You completely miss the scorpion. The scorpion stings you.
You hit the scorpion but do no damage.
You feel sick.
The scorpion stings you but does no damage.
You hit the scorpion but do no damage.
You feel sick. The scorpion stings you.
You are more poisoned.
The scorpion poisons you!
You barely miss the scorpion.
You feel sick. The scorpion stings you.
You closely miss the scorpion. You tail-slap the scorpion.
The scorpion is lightly wounded.
You feel sick. The scorpion stings you!
* * * LOW HITPOINT WARNING * * *
You hit the scorpion but do no damage.
* * * LOW HITPOINT WARNING * * *
You feel sick. The scorpion stings you.
You die...

#.#..#.##.#........##.#
#.#..#.##........#.##.#
#.#..#.##.#.####.#.##.#
#.#..#.####.# #.#.##.#
..#..#.####.# #.#.##.#
..#..#......# #.#.##.#
#.#..###########.#.##.#
..# ........#....# ###
#######@######
.......s# #######.# #..
###


You could see a scorpion.

Vanquished Creatures
  Jessica (D:2)
  An orc wizard (D:3)
  3 adders
  3 worms
  2 dart slugs (D:1)
  4 orcs (D:3)
  6 ball pythons
  9 endoplasms
  A giant cockroach (D:2)
  6 hobgoblins
  7 jackals
  3 quokkas
  11 bats
  5 frilled lizards
  5 goblins
  5 kobolds
  2 rats (D:1)
74 creatures vanquished.

Vanquished Creatures (others)
  A plant (D:1)
1 creature vanquished.

Grand Total: 75 creatures vanquished

Notes
Turn   | Place    | Note
-------+----------+-------------------------------------------
     0 | D:1      | mordus the Draconian Monk began the quest for the Orb.
     0 | D:1      | Reached XP level 1. HP: 19/19 MP: 1/1
   113 | D:1      | Reached XP level 2. HP: 22/26 MP: 2/2
   495 | D:1      | Reached skill level 4 in Polearms
   800 | D:1      | Reached XP level 3. HP: 25/31 MP: 3/3
  1412 | D:2      | Reached XP level 4. HP: 24/38 MP: 4/4
  1456 | D:2      | Reached skill level 5 in Polearms
  2127 | D:2      | Noticed Jessica
  2160 | D:2      | Killed Jessica
  2643 | D:3      | Reached XP level 5. HP: 29/45 MP: 5/5
  3047 | D:3      | Found an ancient bone altar of Kikubaaqudgha.
  3093 | D:3      | Reached skill level 6 in Polearms
  3247 | D:3      | Found a glowing golden altar of the Shining One.
  3711 | D:3      | Slain by a scorpion

Illustrated notes

Levels and vault maps discovered:
D:1:      dpeg_arrival_more_subterranean_lakeside_camping, layout_loops_ring,
          serial_bayou_lake_a
D:2:      layout_basic, amcnicky_mini_corridor_feature,
          minmay_stone_trees_large, st_stairs_10, solitary_fountain,
          uniq_jessica
D:3:      layout_basic, lemuel_doored_altar, lemuel_coloured_pillars_altar

Skill      XL: |  1  2  3  4  5 |
---------------+----------------+-----
Polearms       | 4 5 6 |  6.0
Fighting       | |  3.2
Dodging        | |  2.6
Stealth        | |  1.7

Action                   |  1- 3 |  4- 6 || total
-------------------------+-------+-------++-------
Melee: Spear             |   157 |   188 ||   345
       Tailslap          |    18 |    22 ||    40
 Stab: Sleeping          |     6 |     6 ||    12
       Distracted        |     1 |       ||     1
Armor: Skin              |    40 |    20 ||    60
Dodge: Dodged            |    93 |    67 ||   160

Table legend: (Time is in decaauts)
 A = Elapsed time spent in this place.
 B = Non-inter-level travel time spent in this place.
 C = Inter-level travel time spent in this place.
 D = Time resting spent in this place.
 E = Time spent auto-exploring this place.
 F = Levels seen in this place.
 G = Mean time per level.
                   A        B        C        D        E       F      G
               +--------+--------+--------+--------+--------+-----+--------+
         Total |   3717 |   3620 |     97 |    597 |   2469 |   3 | 1239.0 |
       Dungeon |   3717 |   3620 |     97 |    597 |   2469 |   3 | 1239.0 |
               +--------+--------+--------+--------+--------+-----+--------+

Top non-repeatable levels by time:
     D:2: 1282 daAuts
     D:3: 1264 daAuts
     D:1: 1170 daAuts
